 Dungeon Crawl Stone Soup version 0.21-a0 (webtiles) character file.

16 Chiseanne the Magician (level 2, -1/21 HPs)
             Began as a Barachi Wanderer on May 19, 2017.
             Slain by a worm (7 damage)
             ... on level 1 of the Dungeon.
             The game lasted 00:02:09 (434 turns).

Chiseanne the Magician (Barachi Wanderer)            Turns: 434, Time: 00:02:10

Health: -1/21      AC:  2    Str: 11    XL:     2   Next: 54%
Magic:  7/7        EV: 11    Int: 13    God:
Gold:   20         SH:  4    Dex: 12    Spells: 8/9 levels left

rFire    . . .     SeeInvis .   a - +2 dagger
rCold    . . .     Gourm    .   d - +0 buckler
rNeg     . . .     Faith    .   e - +0 robe
rPois    .         Spirit   .   (no helmet)
rElec    .         Reflect  .   (no cloak)
rCorr    .         Harm     .   (no gloves)
MR       .....                  (no boots)
Stlth    ++........             (no amulet)
Regen    0.1/turn               (no ring)
MPRegen  0.1/turn               (no ring)

@: slow
A: +LOS, swims, slowness 1, strong legs 1
a: Hop


You were on level 1 of the Dungeon.
You were not hungry.

You visited 1 branch of the dungeon, and saw 1 of its levels.

You collected 20 gold pieces.

Inventory:

Hand Weapons
 a - a +2 dagger (weapon)
Missiles
 h - 25 stones (quivered)
 k - 9 bolts
 l - 9 poisoned needles
Armour
 d - a +0 buckler (worn)
 e - a +0 robe (worn)
Scrolls
 g - a scroll of recharging {unknown}
 m - a scroll of remove curse {unknown}
Potions
 b - a potion of haste
 j - a potion of curing {unknown}
 n - a potion of mutation {unknown}
 o - a potion of agility {unknown}
 p - a potion of might {unknown}
Books
 c - the Grimoire of Flames

   Spells                             Type                      Level
   a - Flame Tongue                   Conjuration/Fire             1
   b - Ignite Poison                  Fire/Transmutation/Poison    3
Comestibles
 f - 2 bread rations
 i - 5 chunks of flesh


   Skills:
 * Level 1.2 Fighting
 * Level 1.0 Dodging
 - Level 1.0 Stealth
 * Level 1.4 Shields
 - Level 4.4 Spellcasting
 * Level 0.4 Conjurations
   Level 2.4 Summonings
 - Level 2.1 Fire Magic


You had 8 spell levels left.
You knew the following spells:

 Your Spells              Type           Power        Failure   Level  Hunger
a - Flame Tongue          Conj/Fire      #....        16%         1    None


Dungeon Overview and Level Annotations

Branches:
Dungeon (1/15)

Altars:


Innate Abilities, Weirdness & Mutations

Shadows flee at your approach. (+LOS)
You can swim through water.
You cover ground slowly.
You can hop short distances.


Message History

The worm is moderately wounded.
You hit the worm.
The worm is heavily wounded.
The worm bites you!
Ouch! That really hurt!
* * * LOW HITPOINT WARNING * * *
You barely miss the worm.
The worm is heavily wounded.
You hit the worm.
The worm is severely wounded.
You block the worm's attack.
You hit the worm.
The worm is almost dead.
The worm bites you but does no damage.
You hit the worm but do no damage.
The worm is almost dead.
You hit the worm.
The worm is almost dead.
The worm bites you!
You die...

##.)...................
#.....[................
#......................
#......................
#.......[............).
#...)..................
##.....................
###..........#.........
#..†.#@w.....#....[....
##†####..>..###.......#.
#..# #.###.###.....##..
#####.## #.##..##.........#
#.....# #.#..# #.........#
#.....# #.#..###.........#
#.....#####.#....######...##
#................[..........
#....######.###.....[.......


You could see a worm.

Vanquished Creatures
  A leopard gecko (D:1)
  3 bats (D:1)
  A giant cockroach (D:1)
  2 goblins (D:1)
  A hobgoblin (D:1)
  3 kobolds (D:1)
  3 rats (D:1)
14 creatures vanquished.

Notes
Turn   | Place    | Note
-------+----------+-------------------------------------------
     0 | D:1      | Chiseanne the Barachi Wanderer began the quest for the Orb.
     0 | D:1      | Chiseanne set off with: a +2 dagger, a potion of haste, the Grimoire of Flames, a +0 buckler, a +0 robe, a bread ration
     0 | D:1      | Reached XP level 1. HP: 13/13 MP: 5/5
     1 | D:1      | Identified the Grimoire of Flames
     3 | D:1      | Learned a level 1 spell: Flame Tongue
   222 | D:1      | Reached skill level 1 in Fighting
   222 | D:1      | Reached XP level 2. HP: 17/21 MP: 7/7
   391 | D:1      | Reached skill level 1 in Dodging
   434 | D:1      | Slain by a worm

Vault maps used:
D:1:      shiori_arrival_elements, minmay_cupped

Skill      XL: |  1  2 |
---------------+-------+-----
Fighting       | 1 |  1.2
Dodging        | 1 |  1.0
Stealth        | |  1.0
Shields        | |  1.4
Spellcasting   | |  4.4
Conjurations   | |  0.4
Summonings     | |  2.4
Fire Magic     | |  2.1

Action                   || total
-------------------------++-------
Melee: Dagger            ||    44
 Stab: Sleeping          ||     1
       Distracted        ||     1
Armor: Robe              ||    13
Dodge: Dodged            ||    28
Block: Buckler           ||     8
